 Dungeon Crawl Stone Soup version 0.23.2-40-g277498a (webtiles) character file.

Game seed: 11709664328968678438

441 Aphrodieselac the Charmwright (level 7, -3/50 HPs)
             Began as a Merfolk Skald on Aug 28, 2019.
             Was a Follower of Okawaru.
             Slain by a worker ant (5 damage)
             ... on level 4 of the Dungeon.
             The game lasted 00:19:58 (4290 turns).

Aphrodieselac the Charmwright (Merfolk Skald)       Turns: 4290, Time: 00:19:59

Health: -3/50      AC:  3    Str: 12    XL:     7   Next: 2%
Magic:  1/10       EV: 12    Int: 17    God:    Okawaru [*.....]
Gold:   164        SH:  0    Dex: 13    Spells: 5/10 levels left

rFire    . . .     SeeInvis .   a - +0 spear
rCold    . . .     Gourm    .   (no shield)
rNeg     . . .     Faith    .   s - +0 leather armour
rPois    .         Spirit   .   (no helmet)
rElec    .         Reflect  .   (no cloak)
rCorr    +         Harm     .   (no gloves)
MR       .....                  (no boots)
Stlth    +.........             (no amulet)
HPRegen  0.16/turn              j - +3 ring of intelligence
MPRegen  0.12/turn              v - ring of resist corrosion

@: lethally poisoned (-3 -> -9), infused, very slightly contaminated, slowed,
very slow
A: change form in water, swift swim, stealthy swim
a: Heroism, Renounce Religion


You were on level 4 of the Dungeon.
You worshipped Okawaru.
Okawaru was aware of your devotion.
You were hungry.

You visited 1 branch of the dungeon, and saw 5 of its levels.

You collected 164 gold pieces.

Inventory:

Hand Weapons
 a - a +0 spear (weapon)
 b - a +2 hunting sling of velocity
Missiles
 i - 56 sling bullets
 p - 5 curare-tipped needles
Armour
 s - a +0 leather armour (worn)
 t - a cursed +0 ring mail
Jewellery
 j - a +3 ring of intelligence (left hand)
 n - an uncursed ring of fire
 v - a ring of resist corrosion (right hand)
Scrolls
 c - a scroll of teleportation {unknown}
 e - 3 scrolls of amnesia {unknown}
 g - a scroll of enchant armour {unknown}
 h - a scroll of noise {unknown}
 k - 2 scrolls of fear {unknown}
 m - 3 scrolls of identify {unknown}
 o - a scroll of blinking {unknown}
 q - a scroll of immolation {unknown}
 u - 2 scrolls of random uselessness {unknown}
 w - a scroll of enchant weapon {unknown}
 x - a scroll of remove curse {unknown}
Potions
 l - a potion of degeneration {unknown}
 r - a potion of resistance {unknown}
 z - a potion of lignification
 B - a potion of berserk rage {unknown}
Comestibles
 d - 6 rations


   Skills:
 - Level 2.1 Fighting
 + Level 6.4 Polearms
 - Level 0.6 Armour
 - Level 2.6 Dodging
 - Level 2.0 Spellcasting
 * Level 7.1 Charms


You had 5 spell levels left.
You knew the following spells:

 Your Spells              Type           Power        Failure   Level  Hunger
a - Infusion              Chrm           ####         1%          1    #......
b - Song of Slaying       Chrm           ####....     1%          2    ###....
c - Shroud of Golubria    Chrm/Tloc      ##........   9%          2    ###....

Your spell library contained the following spells:

 Spells                   Type           Power        Failure   Level  Hunger
 Regeneration             Chrm/Necr      ##........   17%         3    ###....
 Spectral Weapon          Hex/Chrm       ##......     17%         3    ###....


Dungeon Overview and Level Annotations

Branches:
Dungeon (5/15)
 Temple: D:4-7

Altars:
Dithmenos
Elyvilon
Kikubaaqudgha
Okawaru
The Shining One

Annotations:
D:3 2 transporters


Message History

Suddenly Natasha's spirit rises from her lifeless body.
The white imp disappears in a puff of smoke!
You have reached level 7!
The worker ant barely misses you.
It was a potion of curing.
You feel better. The worker ant barely misses you. The worker ant bites you.
* * * LOW HITPOINT WARNING * * *
You hit the worker ant.
The worker ant is moderately wounded.
The worker ant bites you.
* * * LOW HITPOINT WARNING * * *
You are lethally poisoned!
The worker ant poisons you!
You hit the worker ant.
The worker ant is moderately wounded.
* * * LOW HITPOINT WARNING * * *
You feel sick. The worker ant bites you.
* * * LOW HITPOINT WARNING * * *
The worker ant bites you.
You die...

##.####.## ### # #....<...#
... . #######........# #.## .
...............# #...##
#######........########.....#
#.....<......(h#...a...
#...........##..a.._...
#######..a..####.......
#...@.# #.....# #.....#
#.?.## ####### #?## ... ###


You could see a worker ant.

Vanquished Creatures
  A phantom (D:3)
  An orc wizard (D:4)
  An orc priest (D:4)
  2 hounds
  2 iguanas (D:3)
  Natasha (D:4)
  A worker ant (D:4)
  6 adders
  A shadow imp (D:4)
  An adder skeleton (D:4)
  A worm (D:3)
  A dart slug (D:2)
  3 leopard geckos
  5 orcs (D:4)
  3 giant cockroaches
  5 goblins
  8 hobgoblins
  5 quokkas
  5 bats
  5 frilled lizards
  A jackal skeleton (D:4)
  6 kobolds
  7 rats
72 creatures vanquished.

Vanquished Creatures (others)
  A human (D:3)
1 creature vanquished.

Grand Total: 73 creatures vanquished

Notes
Turn   | Place    | Note
-------+----------+-------------------------------------------
     0 | D:1      | Aphrodieselac the Merfolk Skald began the quest for the
                  | Orb.
     0 | D:1      | Reached XP level 1. HP: 16/16 MP: 3/3
   265 | D:1      | Reached XP level 2. HP: 22/22 MP: 5/5
   701 | D:1      | Reached skill level 4 in Charms
   701 | D:1      | Reached XP level 3. HP: 20/27 MP: 2/6
  1581 | D:2      | Found an iron altar of Okawaru.
  1586 | D:2      | Became a worshipper of Warmaster Okawaru
  1756 | D:3      | Reached XP level 4. HP: 33/33 MP: 1/7
  1940 | D:3      | Found a transporter.
  1976 | D:3      | Found a transporter.
  2112 | D:3      | Found a shadowy altar of Dithmenos.
  2154 | D:3      | Found an ancient bone altar of Kikubaaqudgha.
  2154 | D:3      | Noticed a phantom
  2159 | D:3      | Noticed a human
  2160 | D:3      | Killed a human
  2232 | D:2      | Learned a level 2 spell: Song of Slaying
  2235 | D:2      | Learned a level 2 spell: Shroud of Golubria
  2360 | D:4      | Reached skill level 5 in Charms
  2679 | D:4      | Noticed an ogre
  2754 | D:4      | Noticed an ogre
  2991 | D:4      | Reached XP level 5. HP: 21/38 MP: 5/8
  2999 | D:4      | Reached skill level 5 in Polearms
  3002 | D:4      | HP: 1/38 [orc (2)]
  3419 | D:3      | Reached skill level 6 in Charms
  3759 | D:4      | Reached XP level 6. HP: 30/44 MP: 0/9
  3838 | D:4      | Found a glowing golden altar of the Shining One.
  3861 | D:5      | Entered Level 5 of the Dungeon
  3861 | D:5      | Noticed an ice beast
  4163 | D:3      | Killed a phantom
  4163 | D:3      | Reached * piety under Okawaru
  4163 | D:3      | Reached skill level 7 in Charms
  4263 | D:4      | Found a white marble altar of Elyvilon.
  4265 | D:4      | Noticed Natasha
  4287 | D:4      | Killed Natasha
  4287 | D:4      | Reached XP level 7. HP: 4/50 MP: 1/10
  4290 | D:4      | HP: 2/50 [worker ant (2)]
  4290 | D:4      | Slain by a worker ant

Skill      XL: |  1  2  3  4  5  6 |
---------------+-------------------+-----
Charms         | 4 5 6 7 |  7.1
Polearms       | 4 5 6 |  6.4
Fighting       | |  2.1
Armour         | |  0.6
Dodging        | |  2.6
Spellcasting   | |  2.0

Action                   |  1- 3 |  4- 6 |  7- 9 || total
-------------------------+-------+-------+-------++-------
Melee: Spear             |   126 |   189 |     2 ||   317
 Fire: Hunting sling     |     3 |    10 |       ||    13
 Cast: Infusion          |     8 |    11 |       ||    19
       Shroud of Golubri |       |     6 |       ||     6
       Song of Slaying   |       |     1 |       ||     1
  Use: Potion            |       |     1 |     1 ||     2
  Eat: Chunk             |     3 |     8 |       ||    11
Armor: Leather armour    |    15 |    24 |       ||    39
Dodge: Dodged            |    64 |    85 |     2 ||   151
